 Dungeon Crawl Stone Soup version 0.28-a0-1117-g0bdd5ba030 (webtiles) character file.

Game seed: 13339293282672489357

100 spiderkeys the Skirmisher (level 5, -1/40 HPs)
             Began as a Djinni Abyssal Knight on Dec 11, 2021.
             Was a Believer of Lugonu.
             Slain by a gnoll (7 damage)
             ... on level 3 of the Dungeon.
             The game lasted 00:03:02 (2787 turns).

spiderkeys the Skirmisher (Djinni Abyssal Knight)   Turns: 2787, Time: 00:03:02

Health: -1/40      AC:  3    Str: 16    XL:     5   Next: 3%
Gold:   152        EV: 12    Int: 14    God:    Lugonu [**....] SH:  0 Dex: 13

rFire   + + .      SeeInvis .   a - +2 falchion
rCold   x . .      Faith    .   (no shield)
rNeg    . . .      Spirit   .   b - +0 leather armour
rPois   ∞          Reflect  .   (no helmet)
rElec   .          Harm     .   (no cloak)
rCorr   .          Rampage  .   (no gloves)
Will    .....                   (boots unavailable)
Stlth   +.........              (no amulet)
HPRegen 0.13/turn               S - +6 ring of strength
MPRegen 0.00/turn               (no ring)

@: wereblooded, flying
A: sickness immunity, fire resistance 2, cold vulnerability 1, float, innate
caster, hp casting, extra vitality 1, [weak 1]
a: Renounce Religion, Depart the Abyss, Bend Space


You were on level 3 of the Dungeon.
You worshipped Lugonu.
Lugonu was pleased with you.
You visited 1 branch of the dungeon, and saw 3 of its levels.
You visited the Abyss 1 time.

You collected 152 gold pieces.


Innate Abilities, Weirdness & Mutations

You are immune to sickness and miasma.
You are immune to poison.
Your flesh is very heat resistant. (rF++)
You are vulnerable to cold. (rC-)
You float through the air rather than walking.
You learn spells naturally, not from books.
Your magical power is your life essence.
You have superior vitality. (+4 HP)
[You are weak. (Str -2)]


   Skills:
 + Level 3.5 Fighting
 + Level 2.4 Long Blades
 - Level 1.0 Armour
 + Level 3.0 Dodging
 * Level 1.8 Spellcasting
 - Level 1.7 Invocations


You had 4 spell levels left.
You knew the following spells:

 Your Spells              Type           Power      Damage    Failure   Level
a - Apportation           Tloc           12%        N/A       14%         1
w - Wereblood             Tmut           6%         N/A       22%         2
Your spell library was empty.

Inventory:

Hand Weapons
 a - a +2 falchion (weapon)
Missiles
 c - 17 poisoned darts
 f - 42 stones
 h - 5 sling bullets
 s - 26 arrows
Armour
 b - a +0 leather armour (worn)
Magical Staves
 e - a staff of air {!a}
   (You found it on level 2 of the Abyss)
Jewellery
 S - a +6 ring of strength (left hand)
   (You found it on level 2 of the Dungeon)
Scrolls
 j - a scroll of fog {unknown}
 k - a scroll of enchant weapon
 n - 4 scrolls of teleportation {unknown}
 o - 2 scrolls of identify {unknown}
 p - a scroll of brand weapon {unknown}
 r - a scroll of immolation {unknown}
Potions
 g - 2 potions of curing {@q1}
 i - a potion of brilliance {unknown}
 l - 2 potions of haste {unknown}
 m - a potion of ambrosia {unknown}
 q - a potion of heal wounds {unknown}
Miscellaneous
 d - a condenser vane
   (You found it on level 2 of the Abyss)

Dungeon Overview and Level Annotations

Branches:
Dungeon (3/15)

Altars:
Xom

#.##.###......#..#
#.#...#######...##
#.......# ##.##
###...#.## #.#
##....># #.# ###
####..# #.# ##....
#..# #.# #......
#..#####g###....8#
#....@Sggr......+
##.#######.#....8#
#.# #.#..#### #.#
#"##.# #.# #.# .#
#.# #.# .# #.# #.#
# #.# ...


You could see 3 gnolls, an adder and a rat.


Message History

You barely miss the endoplasm. The endoplasm closely misses you.
You slash the endoplasm!
You kill the endoplasm!
Lugonu accepts your kill.
No target in view!
No target in view!
No target in view!
There is a stone staircase leading down here.
There is a stone staircase leading up here.
You see here a +0 dagger.
Key pressed, stopping explore.
Key pressed, stopping explore.
Found a stone staircase leading down.
You hit the rat.
You kill the rat!
Lugonu accepts your kill.
No target in view!
No target in view!
l - 2 silvery potions (gained 1)
There is a stone staircase leading down here.
A gnoll comes into view. It is wielding a +0 spear.
The gnoll shouts!
A gnoll comes into view.
It is wielding a +0 whip of electrocution.
There are monsters nearby!
There are monsters nearby!
The gnoll shouts!
You hear a shout!
You hear an angry hiss.
A gnoll comes into view. It is wielding a +0 spear.
A rat and a gnoll come into view.
A bat and an adder come into view.
The adder hisses angrily.
The bat moves out of view.
The gnoll hits you from afar with a +0 spear.
The gnoll barely misses you.
The gnoll hits you from afar with a +0 spear. 😕 HP[-8]
You take 8 damage, and now have 27/35 hp.
MASSIVE DAMAGE!! (PAUSE)
Press: ? - help, v - describe, . - travel
Here: a gnoll, wielding a +0 whip of electrocution The floor.
A bat comes into view.
The rat bites you.
The bat moves out of view. 😮 HP[-1]
You take 1 damage, and now have 26/35 hp. 😕 HP[+1]
You hit the gnoll. The gnoll closely misses you.
The gnoll hits you from afar with a +0 spear! 😮 HP[-7]
You take 7 damage, and now have 20/35 hp.
You hit the gnoll. The gnoll closely misses you. The gnoll misses you.
You hit the gnoll but do no damage.
The gnoll hits you with a +0 whip of electrocution.
The gnoll completely misses you. The gnoll closely misses you. 😮 HP[-1]
You take 1 damage, and now have 19/35 hp.
You closely miss the gnoll. The gnoll closely misses you.
The gnoll completely misses you.
You closely miss the gnoll. The gnoll closely misses you. The gnoll misses you.
The gnoll hits you from afar with a +0 spear.
* * * LOW HITPOINT WARNING * * *
😨 HP[-5]
You take 5 damage, and now have 14/35 hp.
You hit the gnoll.
The gnoll closely misses you. x2 😨 HP[+1]
You hit the gnoll but do no damage. The gnoll closely misses you.
The gnoll hits you from afar with a +0 spear.
* * * LOW HITPOINT WARNING * * *
😨 HP[-2]
You take 2 damage, and now have 13/35 hp.
You slash the gnoll!
You kill the gnoll!
Lugonu accepts your kill.
The gnoll hits you from afar with a +0 spear.
* * * LOW HITPOINT WARNING * * *
The adder misses you.
You have reached level 5!
The power to cast Wereblood wells up from within.
Spell assigned to 'w'. 😱 HP[-5]
You now have 40 max hp (+5).
It was a potion of curing.
You feel better. The adder bites you but does no damage.
The gnoll barely misses you. 😨 HP[+5]
You regained 5 hp, and now have 13/40 hp.
Cast which spell? (? or * to list)
Your blood is infused with primal strength.
* * * LOW HITPOINT WARNING * * *
The adder barely misses you. x2
The gnoll hits you from afar with a +0 spear.
* * * LOW HITPOINT WARNING * * *
😱 HP[-5]
You take 5 damage, and now have 8/40 hp.
You slash the adder! The adder bites you.
* * * LOW HITPOINT WARNING * * *
The gnoll barely misses you. 😱 HP[-3]
You take 3 damage, and now have 5/40 hp.
You closely miss the adder. The adder barely misses you.
The gnoll hits you from afar with a +0 spear!
You die...

Skill      XL: |  1  2  3  4 |
---------------+-------------+-----
Long Blades    | 2 |  2.4
Spellcasting   | 1 |  1.8
Dodging        | 3 |  3.0
Fighting       | |  3.5
Armour         | |  1.0
Invocations    | |  1.7

Action                   |  1- 3 |  4- 6 || total
-------------------------+-------+-------++-------
Melee: Falchion          |   102 |    58 ||   160
 Cast: Wereblood         |       |     1 ||     1
  Use: Scroll            |     1 |       ||     1
       Potion            |       |     1 ||     1
Armor: Leather armour    |    44 |    13 ||    57
Dodge: Dodged            |    71 |    43 ||   114

Levels and vault maps discovered:
D:1:      dpeg_arrival_renting, layout_basic
D:2:      layout_rooms, basic_altar
D:3:      layout_loops_ring, jmf_multi_god_temple2, zin_treasury

Notes
Turn   | Place    | Note
-------+----------+-------------------------------------------
     0 | Abyss:1  | spiderkeys the Djinni Abyssal Knight began the quest for
                  | the Orb.
     0 | Abyss:1  | Reached XP level 1. HP: 20/20 MP: 0/0
     0 | Abyss:1  | magus.rc [v1.9.10]
    80 | Abyss:1  | Noticed a wretched star
    82 | Abyss:1  | Noticed a quasit
   173 | Abyss:2  | Noticed a small abomination
   212 | Abyss:2  | Noticed a large abomination
   225 | D:1      | You pass through the gate.
   225 | D:1      | Escaped the Abyss
   443 | D:1      | Reached XP level 2. HP: 17/25 MP: 0/0
   576 | D:1      | Reached skill level 2 in Long Blades
  1057 | D:1      | Reached XP level 3. HP: 30/30 MP: 0/0
  1057 | D:1      | Learned a level 1 spell: Apportation
  1171 | D:2      | Reached skill level 1 in Spellcasting
  1302 | D:2      | Reached ** piety under Lugonu
  1699 | D:2      | Reached XP level 4. HP: 32/35 MP: 0/0
  1722 | D:2      | Found a shimmering altar of Xom.
  2550 | D:3      | Reached skill level 3 in Dodging
  2782 | D:3      | HP: 7/35 [gnoll (6)]
  2783 | D:3      | Reached XP level 5. HP: 8/40 MP: 0/0
  2783 | D:3      | Learned a level 2 spell: Wereblood
  2787 | D:3      | Slain by a gnoll

Vanquished Creatures
  A gnoll (D:3)
  2 adders (D:2)
  A worm (D:2)
  3 dart slugs
  5 orcs (D:3)
  7 bats
  7 endoplasms
  2 giant cockroaches (D:2)
  4 goblins
  2 hobgoblins
  5 ball pythons
  8 frilled lizards
  6 kobolds
  5 rats
58 creatures vanquished.

Vanquished Creatures (others)
  An endoplasm (D:1)
1 creature vanquished.

Grand Total: 59 creatures vanquished

Table legend:
 A = Non-vault XP
 B = Vault XP
 C = Vault XP percentage of total XP
 D = Non-vault monster count
 E = Vault monster count
 F = Vault count percentage of total count
                 A         B        C        D         E       F
            +---------+---------+-------+---------+---------+-------
      Total |     143 |       0 |   0.0 |      59 |       0 |   0.0
            +---------+---------+-------+---------+---------+-------
        D:1 |      29 |       0 |   0.0 |      19 |       0 |   0.0
        D:2 |      68 |       0 |   0.0 |      25 |       0 |   0.0
        D:3 |      46 |       0 |   0.0 |      15 |       0 |   0.0
            +---------+---------+-------+---------+---------+-------

Illustrated notes

Table legend:
 A = Kills in this place as a percentage of kills in entire the game.
 B = Kills by you in this place as a percentage of kills by you in the entire game.
 C = Kills by friends in this place as a percentage of kills by friends in the entire game.
 D = Other kills in this place as a percentage of other kills in the entire game.
 E = Experience gained in this place as a percentage of experience gained in the entire game.
 F = Experience gained in this place divided by the number of levels of this place that you have seen.
                   A       B       C       D       E      F
               +-------+-------+-------+-------+-------+----------------------
         Total | 100.0 | 100.0 |   N/A | 100.0 | 100.0 |  28.6
       Dungeon | 100.0 | 100.0 |   N/A | 100.0 | 100.0 |  47.7
               +-------+-------+-------+-------+-------+----------------------

Table legend: (Time is in decaauts)
 A = Elapsed time spent in this place.
 B = Non-inter-level travel time spent in this place.
 C = Inter-level travel time spent in this place.
 D = Time resting spent in this place.
 E = Time spent auto-exploring this place.
 F = Levels seen in this place.
 G = Mean time per level.
                   A        B        C        D        E       F      G
               +--------+--------+--------+--------+--------+-----+--------+
         Total |   2816 |   2773 |     43 |      0 |   2257 |   5 |  563.2 |
       Dungeon |   2592 |   2549 |     43 |      0 |   2146 |   3 |  864.0 |
         Abyss |    224 |    224 |      0 |      0 |    111 |   2 |  112.0 |
               +--------+--------+--------+--------+--------+-----+--------+

Top non-repeatable levels by time:
     D:2: 1010 daAuts
     D:1: 942 daAuts
     D:3: 638 daAuts
 Abyss:2: 133 daAuts
 Abyss:1: 91 daAuts
